 Dungeon Crawl Stone Soup version 0.31-a0-175-g9f7f995f2b (webtiles) character file.

Game seed: 16754975818953854070

22995 testman the Warrior (level 12, 0/125 HPs)
             Began as a Minotaur Berserker on June 13, 2023.
             Was an Elder of Trog.
             Slain by a tengu warrior
             ... wielding a +2 battleaxe
              (9 damage)
             ... on level 14 of the Dungeon on June 16, 2023.
             The game lasted 00:45:47 (12094 turns).

testman the Warrior (Minotaur Berserker)           Turns: 12094, Time: 00:45:48

Health: 0/125      AC: 16    Str: 40    XL:     12   Next: 67%
Magic:  11/11      EV: 11    Int:  4    God:    Trog [****..]
Gold:   869        SH:  0    Dex: 20    Spells: 11/11 levels left

rFire   + + .        N - +3 battleaxe
rCold   x . .        (shield currently unavailable)
rNeg    . . .        e - +0 fire dragon scales
rPois   +            f - +0 hat {Will+}
rElec   .            G - +0 cloak of Blue Skies {rPois Str+6 Dex+9 Stlth-}
rCorr   .            x - +0 pair of gloves
SInv    +            V - +2 pair of boots {Stlth+}
Will    +....        (no amulet) Stlth
                     d - ring "Vyblisem" {Str+2 SInv}
HPRegen 0.40/turn    J - +6 ring of strength
MPRegen 0.12/turn

%: no passive effects
@: on berserk cooldown, slowed, very slow
A: horns 2, retaliatory headbutt
a: Renounce Religion, Berserk, Trog's Hand, Brothers in Arms


You were on level 14 of the Dungeon.
You worshipped Trog.
Trog was greatly pleased with you.
You visited 1 branch of the dungeon, and saw 14 of its levels.
You also visited: Gauntlet.

You collected 918 gold pieces.
You spent 49 gold pieces at shops.

Inventory:

Hand Weapons
 g - a +2 whip of draining
 N - a +3 battleaxe (weapon)
 U - a +1 heavy eveningstar
Missiles
 a - a throwing net
 k - 10 poisoned darts
 p - 5 atropa-tipped darts
 H - 7 boomerangs (quivered)
 P - 8 javelins
Armour
 e - +0 fire dragon scales (worn)
 f - a +0 hat of willpower (worn)
 x - a +0 pair of gloves (worn)
 G - the +0 cloak of Blue Skies (worn) {rPois Str+6 Dex+9 Stlth-}
   (You found it on level 7 of the Dungeon)

   Str:       It affects your strength (+6).
   Dex:       It affects your dexterity (+9).
   rPois:     It protects you from poison.
   Stlth:     It makes you less stealthy.
 K - a +0 ring mail of cold resistance
 V - a +2 pair of boots of stealth (worn)
Jewellery
 d - the ring "Vyblisem" (left hand) {Str+2 SInv}
   (You found it in a Gauntlet)

   [ring of see invisible]

   Str:       It affects your strength (+2).
   SInv:      It lets you see invisible.
 J - a +6 ring of strength (right hand)
 S - a ring of protection from fire
Wands
 h - a wand of roots (10)
 r - a wand of charming (12)
 u - a wand of flame (79)
 v - a wand of light (10)
 I - a wand of polymorph (12)
 O - a wand of digging (8)
 Q - a wand of mindburst (13)
Scrolls
 b - a scroll of identify
 j - 2 scrolls of fog
 n - a scroll of butterflies
 o - a scroll of enchant weapon
 t - a scroll of torment
 y - 2 scrolls of teleportation
 z - a scroll of revelation
 A - 3 scrolls of noise {unknown}
 B - a scroll of acquirement {unknown}
 F - 4 scrolls of amnesia {unknown}
 L - a scroll of enchant armour {unknown}
 M - 2 scrolls of brand weapon {unknown}
Potions
 c - 4 potions of enlightenment
 i - a potion of haste
 l - 2 potions of resistance
 m - 7 potions of curing
 w - a potion of cancellation
 C - 6 potions of attraction
 D - 2 potions of mutation
 R - a potion of ambrosia {unknown}
Miscellaneous
 q - a phantom mirror
 T - a phial of floods


   Skills:
 + Level 17.0 Fighting
 + Level 16.9 Axes
 - Level 5.1 Throwing
 - Level 7.2 Armour
 - Level 2.1 Dodging


You had 11 spell levels left.
You didn't know any spells.
Your spell library contained the following spells:

 Spells                   Type           Power      Damage    Failure   Level
 Freeze                   Ice            0%         1d3       71%         1
 Sandblast                Erth           0%         2d4       71%         1
 Slow                     Hex            0%         N/A       71%         1
 Sting                    Tmut/Pois      0%         1d3       71%         1
 Passwall                 Tmut/Erth      0%         N/A       83%         2
 Poisonous Vapours        Pois/Air       0%         N/A       83%         2
 Confusing Touch          Hex            0%         N/A       97%         3
 Dazzling Flash           Conj/Hex       0%         N/A       97%         3
 Frozen Ramparts          Ice            0%         1d1       97%         3
 Hailstorm                Conj/Ice       0%         3d3       97%         3
 Inner Flame              Hex/Fire       0%         N/A       97%         3
 Stone Arrow              Conj/Erth      0%         3d7       97%         3
 Vampiric Draining        Necr           0%         2d6       97%         3
 Volatile Blastmotes      Fire/Tloc      0%         2d10      97%         3
 Flame Wave               Conj/Fire      0%         2d4       100%        4
 Fulminant Prism          Conj/Hex       0%         3d5       100%        4
 Ice Form                 Ice/Tmut       0%         N/A       100%        4
 Iskenderun's Mystic Bla  Conj/Tloc      0%         2d3       100%        4
 Olgreb's Toxic Radiance  Pois           0%         N/A       100%        4
 Sticky Flame             Conj/Fire      0%         2d3       100%        4
 Summon Ice Beast         Ice/Summ       0%         N/A       100%        4
 Agony                    Necr           0%         N/A       100%        5
 Lee's Rapid Deconstruct  Erth           0%         3d4*      100%        5
 Silence                  Hex/Air        0%         N/A       100%        5


Dungeon Overview and Level Annotations

Branches:
Dungeon (15/15)            Temple (0/1) D:5            Lair (0/5) D:10
    Orc (0/2) D:9          Vaults (0/5) D:14        Gauntlet (visited)
 Depths: D:15

Altars:
Cheibriados
Dithmenos
Kikubaaqudgha
Qazlal
Ru
Trog
Uskayaw
Wu Jian
The Shining One

Shops:
D:1 :   D:4 [   D:8 [

Annotations:
D:6 3 runed translucent doors, Cheivey's ghost, novice GrFi; SigmundSlayer's ghost, novice DsNe; SleepySteel's ghost, novice MeFi; comborobin's ghost, novice DEDe
D:8 3 runed translucent doors, Tauromancer's ghost, novice HOFi
D:10 1 transporter, CowFu's ghost, novice GrEE


Innate Abilities, Weirdness & Mutations

You have a pair of horns on your head.
You reflexively headbutt those who attack you in melee.


Message History

The vault guard hits you with a +2 great sword of protection!
You slice the vault guard!!
You kill the vault guard!
Trog accepts your kill.
Your skin stops crawling.
You feel less strong-willed.
Your Fighting skill increases to level 17!
You slice the vault guard!!
The vault guard is moderately wounded.
The vault guard blocks your attack.
The vault guard is moderately wounded.
The vault guard barely misses you. The vault guard blocks your attack.
Your headbutt misses the vault guard.
The vault guard is moderately wounded.
The vault guard blocks your attack.
The vault guard is moderately wounded.
The vault guard hits you with a +0 war axe!
* * * LOW HITPOINT WARNING * * *
You slice the vault guard!! The vault guard blocks your attack.
The vault guard is severely wounded.
You are no longer berserk.
You are exhausted.
You feel yourself slow down.
As you read the scroll of teleportation, it crumbles to dust.
You feel strangely unstable.
The vault guard hits you with a +0 war axe!
* * * LOW HITPOINT WARNING * * *
The vault guard hits you with a +0 war axe!
* * * LOW HITPOINT WARNING * * *
Okay, then.
As you read the scroll labelled KEOHIW CIALAH, it crumbles to dust.
You feel aware of your surroundings.
You sensed 1 altar.
It was a scroll of revelation.
The vault guard hits you but does no damage.
The vault guard hits you but does no damage.
Your surroundings suddenly seem different.
A tengu warrior and a tengu conjurer come into view.
Found 14 gold pieces and a stone.
The tengu conjurer shouts!
The tengu warrior hits you with a +2 battleaxe!
You die...

,**,,,****,,,,,,* *,,,,,***,***
,*,,,,* **,***** ****,**,,,,*
,*,,,,* *,**##* *,*,,,,,**
,*,,,,** *,,,(.* *,*,,*,,,,
,*,,,,,* ***##.#######*,*,,*,,,,
,*,,,*,*** #........#*,*,,*****
,,,,**,,,* #........#,,,,,*
********,* #........#.,**,*****
,,,,,,,,,** #..@.$.....,**,,,,,,
*******,,,***#..QQ.....#,**,,,,,,
*,*,,............#,**,,,,,,
*******,**###..........#,**,,,,,,
,,,,,,,,*,,.........##.#,*****,,,
,,,,,***#.#####.....#,,#,* *,,,
,,,,,* #.# #......,**,* *,,,
,,...####.#####......#**,* *,,,
,,...####.#####.#**>,* *,* ****


You could see a tengu warrior and a tengu conjurer.

Vanquished Creatures
  A minotaur (Gauntlet)
  2 vault guards (D:14)
  2 centaur warriors
  5 death yaks (Gauntlet)
  A two-headed ogre (D:11)
  2 boulder beetles
  A wizard (D:10)
  An obsidian statue (Gauntlet)
  Pikel (D:8)
  A necromancer (Gauntlet)
  A deep elf pyromancer (D:15)
  A manticore (D:10)
  2 cyclopes
  7 ugly things
  A gargoyle (D:11)
  Psyche (D:8)
  3 trolls
  3 slime creatures (D:12)
  2 centaur simulacra (Gauntlet)
  2 shadows
  2 wraiths
  3 wyverns
  3 vampire mosquitoes (D:11)
  10 yaks
  2 steam dragons
  Menkaure (D:6)
  2 water moccasins (D:6)
  Duvessa (D:6)
  5 orc warriors
  2 sky beasts (D:6)
  3 black bears
  4 ice beasts
  3 ogres
  5 centaurs
  2 lemures (D:8)
  3 bullfrogs
  3 gnoll sergeants
  A scorpion (D:6)
  A cane toad simulacrum (Gauntlet)
  11 wights
  Dowan (D:6)
  8 killer bees
  A howler monkey (D:7)
  5 hounds
  6 orc priests
  2 jellies
  2 sleepcaps
  6 iguanas
  4 orc wizards
  7 adders
  12 gnolls
  A white imp (D:6)
  An ufetubus (D:5)
  2 worms
  4 dart slugs
  35 orcs
  3 bats
  2 endoplasms
  4 giant cockroaches
  6 goblins
  7 hobgoblins
  4 jackals (D:1)
  5 kobolds
  3 quokkas
  8 ball pythons
  A frilled lizard (D:1)
  8 rats
255 creatures vanquished.

Notes
Turn   | Place    | Note
-------+----------+-------------------------------------------
     0 | D:1      | testman the Minotaur Berserker began the quest for the Orb.
     0 | D:1      | Reached XP level 1. HP: 19/19 MP: 0/0
   423 | D:1      | Found Xirury's Book Shoppe.
   442 | D:1      | Reached skill level 4 in Fighting
   444 | D:1      | Reached XP level 2. HP: 15/27 MP: 1/1
   971 | D:1      | Found a faded altar of an unknown god.
  1050 | D:2      | Reached XP level 3. HP: 34/34 MP: 2/2
  1143 | D:2      | Reached XP level 4. HP: 40/41 MP: 3/3
  1426 | D:2      | Reached skill level 5 in Fighting
  1426 | D:2      | Reached skill level 5 in Axes
  1453 | D:2      | Reached ** piety under Trog
  2775 | D:4      | Noticed an ice beast
  2896 | D:4      | Noticed a centaur
  2902 | D:4      | Reached XP level 5. HP: 50/50 MP: 4/4
  2906 | D:4      | Killed a centaur
  2907 | D:4      | Reached skill level 6 in Fighting
  2915 | D:4      | Reached XP level 6. HP: 58/58 MP: 5/5
  2980 | D:4      | Found Wemom's Armour Shoppe.
  2991 | D:4      | Bought a +0 pair of gloves for 49 gold pieces
  3001 | D:4      | Killed an ice beast
  3404 | D:5      | Entered Level 5 of the Dungeon
  3450 | D:5      | Reached skill level 7 in Fighting
  3685 | D:5      | Found a staircase to the Ecumenical Temple.
  3703 | D:5      | Reached XP level 7. HP: 66/66 MP: 6/6
  3837 | D:5      | Found an ornate altar of the Wu Jian Council.
  3962 | D:5      | Reached skill level 8 in Fighting
  4075 | D:5      | Found a hide-covered altar of Uskayaw.
  4076 | D:5      | Found a shadowy altar of Dithmenos.
  4510 | D:5      | Found a sacrificial altar of Ru.
  4510 | D:5      | Found a stormy altar of Qazlal.
  4512 | D:5      | Found a snail-covered altar of Cheibriados.
  4601 | D:6      | Reached XP level 8. HP: 75/75 MP: 7/7
  4700 | D:6      | Found a runed translucent gate.
  4701 | D:6      | Found a runed translucent gate.
  4720 | D:6      | Noticed Menkaure
  4902 | D:6      | Killed Menkaure
  4903 | D:6      | Reached skill level 9 in Fighting
  5247 | D:6      | Reached skill level 10 in Fighting
  5247 | D:6      | Reached skill level 10 in Axes
  5247 | D:6      | Identified the +1 leather armour "Supameinn" {rPois}
  5273 | D:6      | Reached XP level 9. HP: 31/86 MP: 8/8
  5505 | D:6      | Reached *** piety under Trog
  5615 | D:6      | Noticed Dowan
  5616 | D:6      | Noticed Duvessa
  5622 | D:6      | Killed Dowan
  5626 | D:6      | Killed Duvessa
  5627 | D:6      | Reached skill level 11 in Fighting
  5711 | D:6      | Identified the +9 dagger "Kusamuse" {drain, rElec Dex+2}
  6075 | D:6      | Found a runed translucent gate.
  6078 | D:6      | Noticed Cheivey's ghost (novice GrFi)
  6078 | D:6      | Noticed SigmundSlayer's ghost (novice DsNe)
  6078 | D:6      | Noticed comborobin's ghost (novice DEDe)
  6078 | D:6      | Noticed SleepySteel's ghost (novice MeFi)
  6388 | D:7      | Identified the +0 cloak of Blue Skies {rPois Str+6 Dex+9
                  | Stlth-}
  6907 | D:8      | Found Hingay's Armour Emporium.
  6978 | D:8      | Noticed Psyche
  6984 | D:8      | Killed Psyche
  6985 | D:8      | Reached skill level 12 in Fighting
  7090 | D:8      | Noticed Pikel
  7109 | D:8      | Killed Pikel
  7110 | D:8      | Reached XP level 10. HP: 99/99 MP: 9/9
  7168 | D:8      | Found a runed translucent gate.
  7168 | D:8      | Found a runed translucent gate.
  7168 | D:8      | Found a runed translucent gate.
  7172 | D:8      | Noticed Tauromancer's ghost (novice HOFi)
  7172 | D:8      | Noticed a ten-headed hydra
  7249 | D:8      | Reached skill level 5 in Armour
  7727 | D:9      | Found a staircase to the Orcish Mines.
  8018 | D:9      | Reached skill level 13 in Fighting
  8326 | D:10     | Entered Level 10 of the Dungeon
  8348 | D:10     | Found a bloodstained altar of Trog.
  8352 | D:10     | Found an ancient bone altar of Kikubaaqudgha.
  8356 | D:10     | Found a glowing golden altar of the Shining One.
  8435 | D:10     | Found a staircase to the Lair.
  8581 | D:10     | Noticed a manticore
  8586 | D:10     | Noticed a two-headed ogre
  8586 | D:10     | Noticed CowFu's ghost (novice GrEE)
  8587 | D:10     | Noticed a two-headed ogre
  8589 | D:10     | Noticed a two-headed ogre
  8592 | D:10     | Killed a manticore
  8801 | D:10     | Found a transporter.
  8801 | D:10     | Found the +4 robe of Folly {Brill Will-∞ Int+8}
  9064 | D:10     | Noticed a centaur warrior
  9073 | D:10     | Killed a centaur warrior
  9074 | D:10     | Reached skill level 1 in Throwing
  9188 | D:10     | Noticed a wizard
  9198 | D:10     | Killed a wizard
  9199 | D:10     | Reached XP level 11. HP: 108/108 MP: 10/10
  9605 | D:11     | Found a gate leading to a gauntlet.
  9612 | Gauntlet | Entered a Gauntlet
  9612 | Gauntlet | Found a transporter.
  9612 | Gauntlet | Found a transporter.
  9613 | Gauntlet | Found a transporter.
  9613 | Gauntlet | Found a transporter.
  9616 | Gauntlet | Found a transporter.
  9616 | Gauntlet | Found a transporter.
  9623 | Gauntlet | Noticed a dire elephant
  9626 | Gauntlet | Noticed a death yak
  9627 | Gauntlet | Noticed a death yak
  9627 | Gauntlet | Noticed a death yak
  9630 | Gauntlet | Found a transporter.
  9630 | Gauntlet | Noticed a death yak
  9631 | Gauntlet | Noticed a death yak
  9632 | Gauntlet | Found a transporter.
  9633 | Gauntlet | Noticed a necromancer
  9638 | Gauntlet | Noticed a hell hog
  9640 | Gauntlet | Found a transporter.
  9743 | Gauntlet | Found a transporter.
  9746 | Gauntlet | Found a transporter.
  9755 | Gauntlet | Noticed an obsidian statue
  9756 | Gauntlet | Found a transporter.
  9813 | Gauntlet | Upgraded the game from 0.31-a0-164-g2312942fda to
                  | 0.31-a0-175-g9f7f995f2b
  9852 | Gauntlet | Killed a death yak
  9853 | Gauntlet | Reached skill level 14 in Fighting
  9858 | Gauntlet | Killed a death yak
  9863 | Gauntlet | Killed a death yak
  9867 | Gauntlet | Killed a death yak
  9872 | Gauntlet | HP: 1/111 [death yak (11)]
  9874 | Gauntlet | Killed a death yak
  9878 | Gauntlet | Killed a necromancer
  9909 | Gauntlet | Identified the ring "Vyblisem" {Str+2 SInv}
 10141 | Gauntlet | Killed an obsidian statue
 10180 | Gauntlet | Noticed a minotaur
 10189 | Gauntlet | Killed a minotaur
 10190 | Gauntlet | Reached skill level 5 in Throwing
 10461 | D:11     | Reached skill level 15 in Fighting
 10622 | D:11     | Reached skill level 15 in Axes
 10683 | D:11     | Found a sacrificial altar of Ru.
 10831 | D:11     | Noticed a two-headed ogre
 10845 | D:11     | Reached **** piety under Trog
 10875 | D:11     | Killed a two-headed ogre
 10876 | D:11     | Reached XP level 12. HP: 121/121 MP: 11/11
 11587 | D:12     | You fall into a shaft and drop 3 floors!
 11587 | D:15     | Entered Level 15 of the Dungeon
 11593 | D:15     | Noticed a boulder beetle
 11653 | D:15     | Killed a boulder beetle
 11654 | D:15     | Reached skill level 16 in Fighting
 11659 | D:15     | Noticed a tengu warrior
 11670 | D:15     | Noticed a tengu warrior
 11710 | D:15     | Noticed a centaur warrior
 11726 | D:15     | Killed a centaur warrior
 11973 | D:14     | Noticed a boulder beetle
 11987 | D:14     | Killed a boulder beetle
 12068 | D:14     | Found a gate to the Vaults.
 12068 | D:14     | Noticed a vault guard
 12068 | D:14     | Noticed a vault guard
 12068 | D:14     | Noticed a vault guard
 12068 | D:14     | Noticed a vault guard
 12068 | D:14     | Noticed a vault guard
 12068 | D:14     | Noticed a vault guard
 12068 | D:14     | Noticed a vault guard
 12068 | D:14     | Noticed a vault guard
 12076 | D:14     | Killed a vault guard
 12085 | D:14     | Killed a vault guard
 12086 | D:14     | Reached skill level 17 in Fighting
 12094 | D:14     | Noticed a tengu warrior
 12094 | D:14     | Slain by a tengu warrior

Illustrated notes

Levels and vault maps discovered:
D:1:      dpeg_arrival_tiny_e, layout_basic, serial_shops, shop,
          basic_ecumenical_altar
D:2:      layout_loops_ring
D:3:      layout_basic
D:4:      layout_cave_pools, serial_shops, nicolae_shop_advertising_works
          [nicolae_subvault_shop_adworks]
D:5:      layout_basic, mainiacjoe_overflow_small_starburst,
          nicolae_overflow_hidden_temple, temple_doors_e
D:6:      layout_cave_pods, gammafunk_ghost_cemetery, abandoned_shop,
          serial_bayou_ford_a, minmay_alternating_orb, uniq_menkaure,
          uniq_duvessa
D:7:      layout_cave_pools
D:8:      layout_basic, serial_shops, nicolae_shop_hallway_stairs,
          gammafunk_ghost_hydra_chop, uniq_pikel, uniq_psyche
D:9:      layout_cave_pools, david_orc_2
D:10:     cheibrodos_wizards_tower, layout_rooms, grunt_temple_overflow_diamond,
          grunt_lair_entry_orc_guard_hut, gammafunk_ghost_smash,
          serial_co_window_serial, co_window_corner_a,
          co_window_of_opportunity_a, co_window_paths_b, co_window_paths_a,
          co_window_paths_a, co_window_corner_ca, co_window_unsneaky_path_a,
          co_window_paths_c, glass_columns_a, glass_columns_a, glass_columns_c,
          glass_columns_a
D:11:     layout_basic, gauntlet_entry_generic, minmay_misc_feat_x,
          minmay_misc_feat_enclosed, nicolae_ru_the_path_less_chosen
D:12:     layout_grid_maze, serial_shops, nicolae_shop_rolled_up
D:14:     layout_basic, erik_vaults_2, gammafunk_ghost_stat_death,
          infiniplex_staircase_pillars_2, grunt_gozag_statues, uniq_nessos
D:15:     grunt_enter_depths_snipers, layout_small_grid, hex_medium

Skill      XL: |  1  2  3  4  5  6  7  8  9 10 11 12 |
---------------+-------------------------------------+-----
Fighting       | 4 5 6 7 8 10 12 13 15 17 | 17.0
Axes           | 4 5 6 7 8 10 12 13 15 16 | 16.9
Armour         | 4 7 |  7.2
Throwing       | 1 5 |  5.1
Dodging        | |  2.1

Action                     |  1- 3 |  4- 6 |  7- 9 | 10-12 || total
---------------------------+-------+-------+-------+-------++-------
  Melee: Hand axe          |    49 |    56 |       |       ||   105
         Headbutt          |     8 |    10 |    26 |    71 ||   115
         War axe           |       |    43 |    11 |       ||    54
         Battleaxe         |       |       |   143 |   275 ||   418
  Throw: Boomerang         |       |       |       |     4 ||     4
 Invoke: Berserk           |     2 |     3 |     6 |    12 ||    23
         Trog's Hand       |       |     4 |     8 |     9 ||    21
    Use: Scroll            |       |     1 |     6 |    12 ||    19
         Potion            |       |       |     2 |     4 ||     6
   Stab: Invisible         |       |       |       |     1 ||     1
 Armour: Leather armour    |    11 |    10 |       |       ||    21
         Scale mail        |       |    25 |    15 |       ||    40
         Fire dragon scale |       |       |    48 |   104 ||   152
  Dodge: Dodged            |    26 |    51 |    82 |   146 ||   305

Table legend: (Time is in decaauts)
 A = Elapsed time spent in this place.
 B = Non-inter-level travel time spent in this place.
 C = Inter-level travel time spent in this place.
 D = Time resting spent in this place.
 E = Time spent auto-exploring this place.
 F = Levels seen in this place.
 G = Mean time per level.
                   A        B        C        D        E       F      G
               +--------+--------+--------+--------+--------+-----+--------+
         Total |  12315 |  11879 |    436 |   1768 |   8013 |  15 |  821.0 |
       Dungeon |  11667 |  11231 |    436 |   1496 |   7860 |  14 |  833.4 |
      Gauntlet |    647 |    647 |      0 |    272 |    153 |   1 |  647.0 |
               +--------+--------+--------+--------+--------+-----+--------+

Top non-repeatable levels by time:
     D:6: 1467 daAuts
     D:5: 1312 daAuts
    D:10: 1290 daAuts
     D:1: 1042 daAuts
    D:11: 957 daAuts
     D:3: 943 daAuts
     D:2: 850 daAuts
     D:8: 786 daAuts
     D:9: 764 daAuts
     D:7: 718 daAuts
Gauntlet: 647 daAuts
     D:4: 613 daAuts
    D:12: 419 daAuts
    D:15: 378 daAuts
    D:14: 121 daAuts
